 Dungeon Crawl Stone Soup version 0.30-a0-920-g7493c07aab (webtiles) character file.

Game seed: 9107122017836431076

67 porpoise the Stinger (level 4, -1/35 HPs)
             Began as a Demonspawn Wanderer on Mar 22, 2023.
             Slain by an orc
             ... wielding a +0 war axe
              (5 damage)
             ... on level 3 of the Dungeon.
             The game lasted 00:15:49 (3166 turns).

porpoise the Stinger (Demonspawn Wanderer)          Turns: 3166, Time: 00:15:51

Health: -1/35      AC:  2    Str: 12    XL:     4   Next: 0%
Magic:  2/7        EV: 12    Int: 18    God:
Gold:   190        SH:  5    Dex: 10    Spells: 5/7 levels left

rFire   . . .      SeeInvis .      - Unarmed
rCold   . . .      Faith    .    (no shield)
rNeg    . . .      Spirit   .    c - +0 robe
rPois   .          Reflect  +    (no helmet)
rElec   .          Rampage  .    (no cloak)
rCorr   +                        (no gloves)
Will    .....                    (no boots)
Stlth   +                        k - amulet of reflection
HPRegen 0.25/turn                g - ring of resist corrosion
MPRegen 0.10/turn                (no ring)

@: no status effects
A: claws 1
a: no special abilities


You were on level 3 of the Dungeon.
You visited 1 branch of the dungeon, and saw 3 of its levels.

You collected 190 gold pieces.

Inventory:

Hand Weapons
 j - a +0 sling
Missiles
 p - 2 poisoned darts (quivered)
Armour
 c - a +0 robe (worn)
Jewellery
 g - a ring of resist corrosion (left claw)
 k - an amulet of reflection (around neck)
Scrolls
 a - a scroll of magic mapping {unknown}
 b - a scroll of teleportation
 d - 4 scrolls of fog
 i - 2 scrolls of identify {unknown}
 l - a scroll of immolation {unknown}
 n - a scroll of brand weapon {unknown}
Potions
 e - 2 potions of curing
 f - 2 potions of lignification {unknown}
 h - a potion of resistance
 m - 3 potions of degeneration {unknown}
 o - a potion of cancellation {unknown}
 q - a potion of flight {unknown}
 r - a potion of attraction {unknown}
 s - a potion of heal wounds {unknown}


   Skills:
 + Level 3.0 Fighting
 - Level 1.7 Dodging
 * Level 1.5 Unarmed Combat
 + Level 2.2 Spellcasting
 - Level 1.0 Summonings
 - Level 3.0 Poison Magic
 - Level 1.2 Invocations


You had 5 spell levels left.
You knew the following spells:

 Your Spells              Type           Power      Damage    Failure   Level
a - Sting                 Tmut/Pois      28%        1d4       10%         1
s - Summon Small Mammal   Summ           20%        N/A       12%         1

Your spell library contained the following spells:

 Spells                   Type           Power      Damage    Failure   Level
 Call Canine Familiar     Summ           5%         N/A       34%         3
 Ignite Poison            Fire/Tmut/Pois 5%         N/A       34%         3
 Olgreb's Toxic Radiance  Pois           12%        N/A       45%         4


Dungeon Overview and Level Annotations

Branches:
Dungeon (3/15)

Altars:

Shops:
D:1 [[=:*


Innate Abilities, Weirdness & Mutations

You have sharp fingernails.


Message History

Your rat bites the orc but does no damage.
The orc hits you with a +0 club.
The orc priest mumbles some strange prayers to Beogh against you.
Pain shoots through your body!
* * * LOW HITPOINT WARNING * * *
You block the orc's attack.
You feel better.
Your rat misses the orc. The orc hits you with a +0 club.
You block the orc priest's attack. The orc closely misses you.
You aren't carrying any items that you can evoke.
Sorry, you're not good enough to have a special ability.
Casting: Sting (safe; 10% risk of failure)
Confirm with . or Enter, or press ? or * to list all spells.
Your rat bites the orc but does no damage.
The orc misses your rat. The orc priest closely misses you.
The orc hits you with a +0 war axe.
Casting: Summon Small Mammal (safe; 12% risk of failure)
Confirm with . or Enter, or press ? or * to list all spells.
Aiming: Sting (safe; 10% risk of failure)
Press: ? - help, Shift-Dir - straight line, f/p - orc priest
Aim: an orc priest, wielding a +0 flail and wearing a +0 leather armour (moderately wounded, unusually resistant, ally target, 68% to hit)
The sting hits the orc priest.
The orc priest partially resists.
The orc priest is moderately wounded.
Your bat hits the orc priest. The orc closely misses you.
Your rat closely misses the orc.
The orc priest closely misses you. The orc hits your rat with a +0 club.
Your rat dies!
Your rat's corpse disappears in a puff of smoke!
You scratch the orc priest.
The orc priest is severely wounded.
Your bat barely misses the orc priest.
The orc barely misses you. The orc hits you with a +0 club.
* * * LOW HITPOINT WARNING * * *
The orc priest looks satisfied for a moment.
You barely miss the orc priest.
The orc priest is severely wounded.
Your bat closely misses the orc priest.
The orc priest hits you with a +0 flail.
* * * LOW HITPOINT WARNING * * *
The orc hits you with a +0 war axe.
You die...

#.......##......#
#.#.##.#
##########..###.#
#.#.##.# #..#§#.#
#.#.##.# #..###.#
#......# #......#
#.#.####
#......###.#.#
#.....#....#.# #######
#.....'.####.# .......
#@o§..######.# .......
#oo..........# o......
#......#######
o......#####)b....####
.....o.o.............#
.......###.......###.#
..##### ###########.#
####....# ###..)....#


You could see an orc priest (resistant, ally target), 2 orcs and a friendly bat
(summoned).

Vanquished Creatures
  4 dart slugs
  2 orcs (D:3)
  11 endoplasms
  5 hobgoblins
  A jackal (D:2)
  2 kobolds (D:3)
  3 ball pythons
  6 bats
  3 frilled lizards
  7 rats
44 creatures vanquished.

Vanquished Creatures (collateral kills)
  A worm (D:2)
  A goblin (D:2)
  2 hobgoblins (D:3)
  A jackal (D:2)
  A quokka (D:1)
  A ball python (D:1)
7 creatures vanquished.

Grand Total: 51 creatures vanquished

Notes
Turn   | Place    | Note
-------+----------+-------------------------------------------
     0 | D:1      | porpoise the Demonspawn Wanderer began the quest for the
                  | Orb.
     0 | D:1      | porpoise set off with the following items: a +0 club, a
                  | scroll of teleportation, a +0 robe, a scroll of fog; and
                  | the following spells available to memorise: Sting, Summon
                  | Small Mammal, Call Canine Familiar, Ignite Poison, Olgreb's
                  | Toxic Radiance.
     0 | D:1      | Reached XP level 1. HP: 16/16 MP: 2/2
     2 | D:1      | Learned a level 1 spell: Sting
     4 | D:1      | Learned a level 1 spell: Summon Small Mammal
   145 | D:1      | Found Kuodem's General Store.
   405 | D:1      | Gained mutation: You have sharp fingernails. [demonic
                  | ancestry]
   405 | D:1      | Reached XP level 2. HP: 10/23 MP: 0/4
   493 | D:1      | Found Annex's Armour Shoppe.
   505 | D:1      | Found Zosiewn's Jewellery Shoppe.
   689 | D:1      | Found Isifutel's Book Shoppe.
  1164 | D:1      | Reached XP level 3. HP: 28/28 MP: 2/5
  1202 | D:1      | Found Huofryn's Antique Armour Shop.
  1832 | D:2      | Reached skill level 1 in Unarmed Combat
  3151 | D:3      | Reached XP level 4. HP: 32/35 MP: 4/7
  3166 | D:3      | Slain by an orc

Illustrated notes

Levels and vault maps discovered:
D:1:      dpeg_arrival_circle_labyrinth_c, layout_basic, serial_shops, shop,
          shop_fountains, shop, shop, shop_statue,
          amcnicky_mini_rare_corridor_liquid, st_stairs_1, minmay_tripent
D:2:      layout_rooms, chequers_serial_rivers_micro_e, chequers_arboretum
D:3:      layout_basic, serial_curves, eino_curves_01, eino_curves_02,
          eino_curves_04, feat_on_display

Skill      XL: |  1  2  3 |
---------------+----------+-----
Spellcasting   | 2 |  2.2
Unarmed Combat | 1 |  1.5
Fighting       | 3 |  3.0
Dodging        | |  1.7
Summonings     | |  1.0
Poison Magic   | |  3.0
Invocations    | |  1.2

Action                     |  1- 3 |  4- 6 || total
---------------------------+-------+-------++-------
  Melee: Club              |    31 |       ||    31
         Punch             |     1 |       ||     1
         Unarmed           |   127 |    10 ||   137
   Cast: Summon Small Mamm |    25 |     2 ||    27
         Sting             |    25 |     2 ||    27
    Use: Potion            |       |     2 ||     2
   Stab: Sleeping          |     4 |       ||     4
 Armour: Robe              |    18 |       ||    18
  Dodge: Dodged            |    90 |    10 ||   100
  Block: Other             |    25 |     6 ||    31

Table legend: (Time is in decaauts)
 A = Elapsed time spent in this place.
 B = Non-inter-level travel time spent in this place.
 C = Inter-level travel time spent in this place.
 D = Time resting spent in this place.
 E = Time spent auto-exploring this place.
 F = Levels seen in this place.
 G = Mean time per level.
                   A        B        C        D        E       F      G
               +--------+--------+--------+--------+--------+-----+--------+
         Total |   3167 |   3067 |    100 |   1002 |   1488 |   3 | 1055.7 |
       Dungeon |   3167 |   3067 |    100 |   1002 |   1488 |   3 | 1055.7 |
               +--------+--------+--------+--------+--------+-----+--------+

Top non-repeatable levels by time:
     D:1: 1710 daAuts
     D:3: 779 daAuts
     D:2: 677 daAuts
